Construct Weapon Support Center
Selects Airborne Battlegroup
Selects Heavy Machine Gun Paradrop
Heavy Machine Gun Paradrop
M3 Armored Personnel Carrier
Construct Medical Station
Selects Paratrooper Squad Paradrop
Paratrooper Squad Paradrop
Paratrooper Squad Paradrop
Paratrooper Squad Paradrop
Heavy Machine Gun Paradrop
Selects Anti-tank Gun Team Paradrop
Paratrooper Squad Paradrop
M18 Hellcat Tank Destroyer
M4(105) Sherman Bulldozer
Selects Carpet Bombing Run
M18 Hellcat Tank Destroyer